 Dungeon Crawl Stone Soup version 0.28.0-53-g5a82cb258f (webtiles) character file.

Game seed: 1318701281015801872

53 kudzoo the Chopper (level 3, 0/33 HPs)
             Began as a Hill Orc Monk on July 15, 2022.
             Killed from afar by Sigmund (12 damage)
             ... with a puff of flame
             ... on level 5 of the Dungeon.
             The game lasted 00:09:17 (1306 turns).

kudzoo the Chopper (Hill Orc Monk)                  Turns: 1306, Time: 00:09:18

Health: 0/33       AC:  5    Str: 15    XL:     3   Next: 87%
Magic:  3/3        EV: 11    Int: 10    God:
Gold:   113        SH:  0    Dex: 13    Spells: 2/2 levels left

rFire   . . .      SeeInvis .   a - +0 hand axe
rCold   . . .      Faith    .   (no shield)
rNeg    . . .      Spirit   .   c - +0 ring mail
rPois   .          Reflect  .   (no helmet)
rElec   .          Harm     .   (no cloak)
rCorr   .          Rampage  .   (no gloves)
Will    .....                   (no boots)
Stlth   +.........              (no amulet)
HPRegen 0.11/turn               (no ring)
MPRegen 0.08/turn               (no ring)

@: no status effects
A: no striking features
a: no special abilities


You were on level 5 of the Dungeon.
You visited 1 branch of the dungeon, and saw 5 of its levels.

You collected 113 gold pieces.

Inventory:

Hand Weapons
 a - a +0 hand axe (weapon)
 l - a +0 dagger of venom
Missiles
 f - 6 poisoned darts (quivered)
 h - 55 stones
 k - 5 silver javelins
 o - 23 arrows
Armour
 b - a +0 robe
 c - a +0 ring mail (worn)
 j - a +0 leather armour
Jewellery
 n - an amulet of faith
Wands
 q - a wand of acid (14)
Scrolls
 e - 3 scrolls of identify {unknown}
 g - 2 scrolls of immolation {unknown}
 s - a scroll of blinking {unknown}
Potions
 d - 4 potions of curing {unknown}
 i - a potion of lignification {unknown}
 m - a potion of heal wounds {unknown}
 p - 2 potions of might {unknown}
 r - a potion of mutation {unknown}


   Skills:
 + Level 4.0 Fighting
 + Level 4.8 Axes
 + Level 1.0 Armour
 + Level 2.8 Dodging
 + Level 2.0 Stealth


You had 2 spell levels left.
You didn't know any spells.
Your spell library was empty.

Dungeon Overview and Level Annotations

Branches:
Dungeon (5/15)
 Temple: D:4-7

Altars:

Annotations:
D:5 Sigmund


Message History

The adder skeleton is heavily damaged.
The adder skeleton closely misses you.
You hit the adder skeleton.
The adder skeleton is severely damaged.
The adder skeleton bites you but does no damage.
You hit the adder skeleton.
The adder skeleton is severely damaged.
The adder skeleton bites you.
You hit the adder skeleton.
You destroy the adder skeleton!
Your Stealth skill increases to level 2!
Found a stone staircase leading up.
Found 12 gold pieces.
An endoplasm comes into view.
The endoplasm quivers.
You barely miss the endoplasm. The endoplasm freezes you.
You are frozen.
You hit the endoplasm but do no damage. The endoplasm barely misses you.
You barely miss the endoplasm. The endoplasm barely misses you.
You hit the endoplasm.
You kill the endoplasm!
Your Armour skill increases to level 1!
You now have 113 gold pieces (gained 12).
There is a stone staircase leading down here.
You climb downwards.
You hear the sound of rushing water.
There is an entrance to a sewer on this level.
Hurry and find it before the portal rusts away!
Found a golden potion and a scroll labelled WORITHR POSKIUL.
Found a stone staircase leading up.
There is a stone staircase leading up here.
Press: ? - help, v - describe, . - travel The floor.
Sigmund shouts!
Sigmund hits you from afar with a +0 scythe!
There is a stone staircase leading up here.
Sigmund hits you from afar with a +0 scythe.
Sigmund points at you and mumbles some strange words.
The puff of flame hits you!
You die...

#### #..
###.#
#...##
#...<#
#.@.Z#
#...@...!#
####...?..#
#........#
#........#
#<.......#
#.........
##########


You could see Sigmund and an adder skeleton.

Vanquished Creatures
  2 adders
  An adder skeleton (D:4)
  A dart slug (D:3)
  3 endoplasms
  5 goblins
  2 hobgoblins (D:1)
  2 jackals (D:1)
  2 kobolds (D:1)
  4 quokkas (D:1)
  3 bats (D:1)
  A frilled lizard (D:1)
  A rat (D:1)
27 creatures vanquished.

Notes
Turn   | Place    | Note
-------+----------+-------------------------------------------
     0 | D:1      | kudzoo the Hill Orc Monk began the quest for the Orb.
     0 | D:1      | Reached XP level 1. HP: 19/19 MP: 1/1
   207 | D:1      | Reached XP level 2. HP: 19/27 MP: 2/2
  1036 | D:1      | Reached XP level 3. HP: 32/33 MP: 3/3
  1294 | D:4      | Reached skill level 1 in Armour
  1302 | D:5      | Entered Level 5 of the Dungeon
  1302 | D:5      | Noticed Sigmund
  1306 | D:5      | Killed from afar by Sigmund

Illustrated notes

Levels and vault maps discovered:
D:1:      eino_arrival_tree_alley, layout_basic,
          ebering_ecumenical_altar_sacrificial, minmay_tall_x
D:2:      cheibrodos_greedy_goblins, layout_loops_ring, serial_shops,
          nicolae_lakefront_shop, nicolae_shop_waterfront, shop
D:3:      layout_basic, serial_co_window_serial, co_window_paths_a,
          co_window_corner_a, co_window_of_opportunity_a, co_window_corner_a,
          co_window_corner_a, co_window_broadway_b, co_window_of_opportunity_c,
          co_window_unsneaky_path_c, co_window_broadway_b, co_window_paths_c,
          glass_columns_a, hex_tiny, minmay_between
D:4:      layout_gridville, uniq_ijyb, uniq_blork_the_orc, uniq_menkaure
D:5:      layout_rooms, tgw_trog, cheibrodos_sewer_entry_bend, goddamned_bats,
          uniq_sigmund

Skill      XL: |  1  2  3 |
---------------+----------+-----
Fighting       | 4 |  4.0
Stealth        | 2 |  2.0
Armour         | 1 |  1.0
Axes           | |  4.8
Dodging        | |  2.8

Action                   || total
-------------------------++-------
Melee: Hand axe          ||   104
       Punch             ||     1
 Stab: Sleeping          ||     2
Armor: Ring mail         ||    31
Dodge: Dodged            ||    48
